 Dungeon Crawl Stone Soup version 0.29.0-4-gdea44cf6ec (webtiles) character file.

Game seed: 18422284335885171936

15069 qw the Grappler (level 11, -10/105 HPs)
             Began as a Troll Cinder Acolyte on Sept 1, 2022.
             Was a Follower of Okawaru.
             Mangled by a yak (13 damage)
             ... on level 4 of the Lair of Beasts.
             The game lasted 00:04:05 (8277 turns).

qw the Grappler (Troll Cinder Acolyte)              Turns: 8277, Time: 00:04:06

Health: -10/105    AC:  5    Str: 28    XL:     11   Next: 97%
Magic:  10/11      EV:  9    Int: 10    God:    Okawaru [*.....]
Gold:   688        SH:  8    Dex:  5    Spells: 12/12 levels left

rFire   . . .      SeeInvis .     - Unarmed
rCold   . . .      Faith    .   o - +0 kite shield
rNeg    + . .      Spirit   .   c - +0 robe "Tud Vaasm" {rN+}
rPois   .          Reflect  .   (helmet restricted)
rElec   .          Harm     .   a - +0 cloak
rCorr   .          Rampage  .   (gloves unavailable)
Will    .....                   (boots unavailable)
Stlth   ++........              d - amulet of regeneration
HPRegen 1.87/turn               e - +4 ring of slaying {mikee}
MPRegen 0.12/turn               (no ring)

@: lethally poisoned (-10 -> -31), about to teleport, heroic, fire susceptible
A: large, unfitting armour, claws 3, regeneration 1, shaggy fur 1, tough skin 1
a: Renounce Religion, Heroism


You were on level 4 of the Lair of Beasts.
You worshipped Okawaru.
Okawaru was aware of your devotion.
You visited 3 branches of the dungeon, and saw 13 of its levels.

You collected 688 gold pieces.


Innate Abilities, Weirdness & Mutations

You are too large for most types of armour.
You have claws for hands.
Your natural rate of healing is unusually fast.
You are covered in fur. (AC +1)
You have tough skin. (AC +1)


   Skills:
 - Level 6.0(11.0) Fighting
 - Level 10.2(15.2) Throwing
 - Level 2.0(7.0) Armour
 - Level 1.5(6.5) Dodging
 + Level 2.1(7.1) Shields
 - Level 14.4(19.4) Unarmed Combat
 - Level 1.0 Spellcasting
 - Level 2.1 Fire Magic
 + Level 2.2 Invocations


You had 12 spell levels left.
You didn't know any spells.
Your spell library contained the following spells:

 Spells                   Type           Power      Damage    Failure   Level
 Scorch                   Fire           8%         2d5       41%         2

Inventory:

Missiles
 f - 2 javelins
 k - 7 boomerangs
 p - 4 large rocks (quivered)
Armour
 a - a +0 cloak (worn)
 c - the +0 robe "Tud Vaasm" (worn) {rN+}
   (You acquired it on level 5 of the Dungeon)

   rN:        It protects you from negative energy.
 o - a +0 kite shield (worn)
Jewellery
 d - an amulet of regeneration (around neck)
 e - a +4 ring of slaying (left claw) {mikee}
 h - a ring of fire
Scrolls
 i - 9 scrolls of identify
Potions
 b - 2 potions of resistance
 g - 4 potions of mutation
 l - 7 potions of curing
 m - a potion of heal wounds
 n - 4 potions of haste

Dungeon Overview and Level Annotations

Branches:
Dungeon (9/15)             Temple (1/1) D:5            Lair (2/5) D:9
  Swamp: Lair:2-3    Shoals: Lair:2-3     Snake: Lair:2-3    Spider: Lair:2-3
    Orc: D:9-12

Altars:
Ashenzari
Cheibriados
Dithmenos
Elyvilon
Fedhas
Gozag
Kikubaaqudgha
Makhleb
Nemelex Xobeh
Okawaru
Ru
Sif Muna
Trog
Uskayaw
Vehumet
Wu Jian
Xom
Yredelemnul
Zin
The Shining One

Shops:
D:1 (   D:6 (

Portals:
Abyss: D:6

Annotations:
D:6 2 transporters, qw's ghost, novice TeWr
Lair:1 2 transporters


Message History

You feel very sick. The water moccasin closely misses you.
The yak gores the plant.
The plant begins to die.
The cane toad barely misses you.
You barely miss the cane toad.
You feel sick.
The water moccasin bites you but does no damage.
The cane toad barely misses you.
The yak gores the plant.
You block the cane toad's attack.
The black mamba hisses angrily.
You scratch the cane toad.
The cane toad is lightly wounded.
You feel sick. The water moccasin bites you. You block the cane toad's attack.
You mangle the cane toad!!
The cane toad is severely wounded.
You feel sick. You block the water moccasin's attack.
The cane toad stings you!!
You are more poisoned.
The cane toad poisons you!
The yak gores the plant.
The bullfrog hits the plant!
The plant begins to die.
The cane toad stings you!
You completely miss the cane toad.
The cane toad is severely wounded.
You feel very sick.
The water moccasin bites you but does no damage.
The cane toad stings you!
You are more poisoned.
The cane toad poisons you!
The bullfrog hits the plant.
You block the yak's attack.
The yak gores the plant. x2
The cane toad closely misses you.
You closely miss the cane toad.
The cane toad is severely wounded.
You feel very sick. The water moccasin misses you.
The bullfrog hits the plant!
You block the cane toad's attack.
8277 ||| READING scroll of teleportation.
As you read the scroll of teleportation, it crumbles to dust.
You feel strangely unstable.
You feel very sick.
A nearby plant withers and dies.
The cane toad stings you!!
You are more poisoned.
The cane toad poisons you! The yak gores you!
You die...

#.~~~~~~P.7
+P.~~~~~..# 7
+.........# .7#
.#.........7 ..P#
.#....}....7..P~#
.......P......~~#
.....PSY.....~~~#
PP....FSFY~~~~~~#
PP.77Y@PF~#~~~8#
77##### ####


You could see a black mamba, 3 yaks, 2 cane toads, a water moccasin and a
bullfrog.

Vanquished Creatures
  Harold (D:9)
  A hydra (Lair:1)
  A centaur warrior (D:9)
  A two-headed ogre (D:9)
  Joseph (D:7)
  A black mamba (Lair:4)
  3 cane toads (Lair:1)
  A hornet (Lair:4)
  4 blink frogs (Lair:1)
  10 yaks
  A wraith (D:5)
  A steam dragon (D:8)
  3 fire elementals (Lair:1)
  8 water moccasins
  An ice beast (D:6)
  A black bear (D:4)
  An orc warrior (D:7)
  A sky beast (D:6)
  2 ogres
  9 centaurs
  2 phantoms
  5 necrophages
  3 scorpions
  5 bullfrogs
  10 wights
  5 killer bees
  2 howler monkeys (D:6)
  3 electric eels
  A spectral centaur (D:5)
  3 hounds
  10 orc priests
  A water moccasin simulacrum (D:5)
  A gnoll bouda (D:5)
  An iguana (D:4)
  Natasha (D:3)
  A scorpion zombie (D:5)
  6 orc wizards
  A hound skeleton (D:5)
  14 gnolls
  14 adders
  A shadow imp (D:7)
  A white imp (D:6)
  A worm (D:4)
  A dart slug (D:4)
  32 orcs
  8 endoplasms
  2 giant cockroaches
  5 goblins
  4 hobgoblins
  3 quokkas (D:1)
  9 ball pythons
  7 bats
  A frilled lizard (D:2)
  7 kobolds
  6 rats
229 creatures vanquished.

Vanquished Creatures (others)
  Maurice (D:9)
  8 plants
  7 withered plants (D:5)
16 creatures vanquished.

Grand Total: 245 creatures vanquished

Notes
Turn   | Place    | Note
-------+----------+-------------------------------------------
     0 | D:1      | qw the Troll Cinder Acolyte began the quest for the Orb.
     0 | D:1      | Reached XP level 1. HP: 22/22 MP: 1/1
     0 | D:1      | 0 ||| qw: Version: 0.1-a-97-g2dd2ca4
     0 | D:1      | 0 ||| qw: Game counter: 4782
     0 | D:1      | 0 ||| qw: Always use a shield: true
     0 | D:1      | 0 ||| qw: God list: Okawaru
     0 | D:1      | 0 ||| qw: Allow faded altars: false
     0 | D:1      | 0 ||| qw: Do Orc after D:15 true
     0 | D:1      | 0 ||| qw: Do second Lair branch before Depths: true
     0 | D:1      | 0 ||| qw: Lair rune preference: random
     0 | D:1      | 0 ||| qw: Plans: Normal
     0 | D:1      | 0 ||| PLANNING D:1-11
   271 | D:1      | Reached XP level 2. HP: 29/29 MP: 2/2
   440 | D:1      | Found a faded altar of an unknown god.
   780 | D:1      | Found Feghymuo's Weapon Boutique.
   901 | D:1      | 901 ||| READING 2 scrolls labelled KUECIT YXALA.
   906 | D:1      | 906 ||| READING scroll labelled BYRCHU HECOUG.
   912 | D:2      | 912 ||| STAIRDANCE
   914 | D:1      | 914 ||| INVOKING Fiery Armour.
   918 | D:1      | HP: 4/29 [gnoll/+0 spear (6)]
   919 | D:1      | Reached skill level 1 in Throwing
   919 | D:1      | 919 ||| READING scroll of teleportation.
   920 | D:1      | Reached skill level 4 in Unarmed Combat
   920 | D:1      | Reached XP level 3. HP: 6/36 MP: 3/3
   989 | D:2      | 989 ||| Stepping ~*~*~tactically~*~*~ (stealth).
  1029 | D:2      | 1029 ||| Stepping ~*~*~tactically~*~*~ (stealth).
  1031 | D:2      | 1031 ||| Stepping ~*~*~tactically~*~*~ (stealth).
  1101 | D:2      | Reached XP level 4. HP: 44/44 MP: 4/4
  1236 | D:2      | Reached skill level 5 in Unarmed Combat
  1374 | D:2      | Reached XP level 5. HP: 50/50 MP: 5/5
  1493 | D:2      | 1493 ||| READING 3 scrolls labelled VUGURCH NUWO.
  1494 | D:2      | 1494 ||| READING scroll labelled XOVVEODEITE.
  1495 | D:2      | 1495 ||| READING scroll labelled PABRAJYTOE.
  1496 | D:2      | 1496 ||| READING scroll labelled QAOPPY EHIBIDGH.
  1497 | D:2      | 1497 ||| READING scroll labelled DOSOCOLENT.
  1498 | D:2      | 1498 ||| DRINKING 2 brown potions.
  1499 | D:2      | 1499 ||| DRINKING 2 silvery potions.
  1500 | D:2      | 1500 ||| READING 2 scrolls of identify.
  1500 | D:2      | 1500 ||| IDENTIFYING pink potion
  1501 | D:2      | 1501 ||| DROPPING potion of lignification.
  1564 | D:3      | 1564 ||| INVOKING Fiery Armour.
  1570 | D:3      | 1570 ||| Stepping ~*~*~tactically~*~*~ (outnumbered).
  1571 | D:3      | 1571 ||| Stepping ~*~*~tactically~*~*~ (outnumbered).
  1573 | D:3      | 1573 ||| Stepping ~*~*~tactically~*~*~ (outnumbered).
  1658 | D:3      | Reached skill level 6 in Unarmed Combat
  1804 | D:3      | Noticed Natasha
  1807 | D:3      | Killed Natasha
  1856 | D:3      | 1856 ||| Stepping ~*~*~tactically~*~*~ (hiding).
  1863 | D:3      | 1863 ||| Stepping ~*~*~tactically~*~*~ (hiding).
  1865 | D:3      | 1865 ||| FLEEEEING.
  1866 | D:3      | 1866 ||| FLEEEEING.
  1867 | D:3      | 1867 ||| FLEEEEING.
  1868 | D:3      | 1868 ||| FLEEEEING.
  1869 | D:3      | 1869 ||| FLEEEEING.
  1870 | D:3      | 1870 ||| FLEEEEING.
  1872 | D:3      | 1872 ||| INVOKING Fiery Armour.
  1879 | D:3      | Reached XP level 6. HP: 28/59 MP: 6/6
  2110 | D:3      | 2110 ||| UPGRADING to +4 ring of slaying {mikee}.
  2111 | D:3      | 2111 ||| READING scroll labelled BUOTYA FOLA.
  2112 | D:3      | 2112 ||| READING scroll labelled UXADDI LEUP.
  2113 | D:3      | 2113 ||| READING scroll labelled QYBROGUBLU.
  2114 | D:3      | 2114 ||| READING 2 scrolls of identify.
  2114 | D:3      | 2114 ||| IDENTIFYING fizzy ruby potion
  2115 | D:3      | 2115 ||| DROPPING potion of degeneration.
  2116 | D:3      | 2116 ||| READING scroll of teleportation.
  2141 | D:4      | Found an ornate altar of the Wu Jian Council.
  2156 | D:4      | Reached skill level 7 in Unarmed Combat
  2271 | D:4      | 2271 ||| Stepping ~*~*~tactically~*~*~ (stealth).
  2273 | D:4      | 2273 ||| Stepping ~*~*~tactically~*~*~ (stealth).
  2275 | D:4      | 2275 ||| Stepping ~*~*~tactically~*~*~ (stealth).
  2283 | D:4      | Reached XP level 7. HP: 39/66 MP: 7/7
  2330 | D:4      | 2330 ||| Stepping ~*~*~tactically~*~*~ (stealth).
  2333 | D:4      | 2333 ||| Stepping ~*~*~tactically~*~*~ (stealth).
  2334 | D:4      | 2334 ||| Stepping ~*~*~tactically~*~*~ (stealth).
  2335 | D:4      | 2335 ||| Stepping ~*~*~tactically~*~*~ (stealth).
  2341 | D:4      | 2341 ||| Stepping ~*~*~tactically~*~*~ (stealth).
  2342 | D:4      | 2342 ||| Stepping ~*~*~tactically~*~*~ (stealth).
  2343 | D:4      | 2343 ||| Stepping ~*~*~tactically~*~*~ (stealth).
  2346 | D:4      | 2346 ||| Stepping ~*~*~tactically~*~*~ (stealth).
  2347 | D:4      | 2347 ||| Stepping ~*~*~tactically~*~*~ (stealth).
  2357 | D:4      | 2357 ||| Stepping ~*~*~tactically~*~*~ (hiding).
  2359 | D:4      | 2359 ||| Stepping ~*~*~tactically~*~*~ (hiding).
  2780 | D:4      | 2780 ||| DRINKING 2 green potions.
  2781 | D:4      | 2781 ||| READING 4 scrolls of identify.
  2781 | D:4      | 2781 ||| IDENTIFYING lumpy silvery potion
  2782 | D:4      | 2782 ||| READING 3 scrolls of identify.
  2782 | D:4      | 2782 ||| IDENTIFYING viscous silvery potion
  2783 | D:4      | 2783 ||| READING 2 scrolls of identify.
  2783 | D:4      | 2783 ||| IDENTIFYING metallic white potion
  2784 | D:4      | 2784 ||| DROPPING potion of attraction.
  2785 | D:4      | 2785 ||| DROPPING potion of brilliance.
  2797 | D:5      | Entered Level 5 of the Dungeon
  2851 | D:5      | 2851 ||| Stepping ~*~*~tactically~*~*~ (stealth).
  2854 | D:5      | 2854 ||| INVOKING Fiery Armour.
  2861 | D:5      | Reached skill level 8 in Unarmed Combat
  2895 | D:5      | 2895 ||| Stepping ~*~*~tactically~*~*~ (stealth).
  2902 | D:5      | Found a staircase to the Ecumenical Temple.
  2903 | D:5      | 2903 ||| Stepping ~*~*~tactically~*~*~ (stealth).
  2910 | D:5      | 2910 ||| Stepping ~*~*~tactically~*~*~ (stealth).
  2915 | D:5      | Reached skill level 3 in Fighting
  2916 | D:5      | 2916 ||| Stepping ~*~*~tactically~*~*~ (stealth).
  2925 | D:5      | 2925 ||| Stepping ~*~*~tactically~*~*~ (outnumbered).
  2926 | D:5      | 2926 ||| Stepping ~*~*~tactically~*~*~ (outnumbered).
  2927 | D:5      | 2927 ||| Stepping ~*~*~tactically~*~*~ (outnumbered).
  3090 | D:5      | Noticed a wraith
  3091 | D:5      | Found the +4 dagger "Morg" {pain, Will+ Int+5}
  3095 | D:5      | 3095 ||| INVOKING Fiery Armour.
  3097 | D:5      | 3097 ||| Stepping ~*~*~tactically~*~*~ (stealth).
  3099 | D:5      | Killed a wraith
  3100 | D:5      | Reached skill level 3 in Throwing
  3101 | D:5      | 3101 ||| Stepping ~*~*~tactically~*~*~ (outnumbered).
  3108 | D:5      | Reached XP level 8. HP: 74/75 MP: 8/8
  3108 | D:5      | 3108 ||| Stepping ~*~*~tactically~*~*~ (outnumbered).
  3110 | D:5      | 3110 ||| Stepping ~*~*~tactically~*~*~ (outnumbered).
  3111 | D:5      | 3111 ||| Stepping ~*~*~tactically~*~*~ (outnumbered).
  3112 | D:5      | 3112 ||| Stepping ~*~*~tactically~*~*~ (outnumbered).
  3115 | D:5      | Reached skill level 9 in Unarmed Combat
  3117 | D:5      | 3117 ||| FLEEEEING.
  3121 | D:5      | 3121 ||| FLEEEEING.
  3122 | D:5      | 3122 ||| FLEEEEING.
  3123 | D:5      | 3123 ||| FLEEEEING.
  3124 | D:5      | 3124 ||| FLEEEEING.
  3125 | D:5      | 3125 ||| FLEEEEING.
  3126 | D:5      | 3126 ||| FLEEEEING.
  3130 | D:5      | Reached skill level 1 in Dodging
  3229 | D:5      | Identified the +1 plate armour "Joijyp" {MP+9}
  3576 | D:5      | 3576 ||| READING scroll labelled UROMEAM HILYO.
  3577 | D:5      | 3577 ||| READING scroll labelled ROM QISITRAWA.
  3577 | D:5      | Identified a scroll of acquirement
  3577 | D:5      | 3577 ||| ACQUIRING +0 robe "Tud Vaasm" {rN+}
  3577 | D:5      | Acquired the +0 robe "Tud Vaasm" {rN+}
  3579 | D:5      | 3579 ||| UPGRADING to +0 robe "Tud Vaasm" {rN+}.
  3589 | D:5      | 3589 ||| DROPPING +0 robe.
  3590 | D:5      | 3590 ||| DRINKING 2 golden potions.
  3591 | D:5      | 3591 ||| READING 3 scrolls of identify.
  3591 | D:5      | 3591 ||| IDENTIFYING metallic brown potion
  3592 | D:5      | 3592 ||| DROPPING potion of flight.
  3665 | D:6      | 3665 ||| Stepping ~*~*~tactically~*~*~ (stealth).
  3678 | D:6      | Found a transporter.
  3723 | D:6      | 3723 ||| Stepping ~*~*~tactically~*~*~ (stealth).
  3728 | D:6      | Reached skill level 10 in Unarmed Combat
  3763 | D:6      | 3763 ||| Stepping ~*~*~tactically~*~*~ (hiding).
  3783 | D:6      | 3783 ||| Stepping ~*~*~tactically~*~*~ (stealth).
  3784 | D:6      | 3784 ||| Stepping ~*~*~tactically~*~*~ (stealth).
  3952 | D:6      | Found a transporter.
  3980 | D:6      | Found a bloodstained altar of Trog.
  4015 | D:6      | Found Zusurgh's Weapon Shoppe.
  4025 | D:6      | 4025 ||| Stepping ~*~*~tactically~*~*~ (stealth).
  4026 | D:6      | 4026 ||| Stepping ~*~*~tactically~*~*~ (stealth).
  4027 | D:6      | 4027 ||| Stepping ~*~*~tactically~*~*~ (stealth).
  4087 | D:6      | Reached XP level 9. HP: 59/84 MP: 9/9
  4121 | D:6      | Noticed an ancient zyme
  4203 | D:6      | Found a one-way gate to the infinite horrors of the Abyss.
  4203 | D:6      | Noticed qw's ghost (novice TeWr)
  4362 | D:6      | Reached skill level 11 in Unarmed Combat
  4373 | D:6      | 4373 ||| READING scroll labelled CEORUMU AXYGE.
  4464 | D:7      | Identified the +5 quarterstaff "Ficizosch" {protect, Drain
                  | rC+ Int+3}
  4486 | D:7      | 4486 ||| INVOKING Fiery Armour.
  4487 | D:7      | 4487 ||| Stepping ~*~*~tactically~*~*~ (outnumbered).
  4766 | D:7      | 4766 ||| Stepping ~*~*~tactically~*~*~ (stealth).
  4772 | D:7      | 4772 ||| Stepping ~*~*~tactically~*~*~ (outnumbered).
  4859 | D:7      | Reached skill level 12 in Unarmed Combat
  4862 | D:7      | 4862 ||| INVOKING Fiery Armour.
  4996 | D:7      | 4996 ||| Stepping ~*~*~tactically~*~*~ (hiding).
  4999 | D:7      | Noticed Joseph
  5002 | D:7      | 5002 ||| Stepping ~*~*~tactically~*~*~ (hiding).
  5011 | D:7      | 5011 ||| INVOKING Fiery Armour.
  5012 | D:7      | HP: 12/85 [Joseph/+0 quarterstaff (18)]
  5012 | D:7      | Killed Joseph
  5145 | D:7      | Found a faded altar of an unknown god.
  5145 | D:7      | Found a sacrificial altar of Ru.
  5152 | D:7      | Found a snail-covered altar of Cheibriados.
  5154 | D:7      | Found a faded altar of an unknown god.
  5156 | D:7      | Found a basalt altar of Yredelemnul.
  5216 | D:7      | 5216 ||| READING 5 scrolls of identify.
  5216 | D:7      | 5216 ||| IDENTIFYING bubbling clear potion
  5217 | D:7      | 5217 ||| DRINKING potion of experience.
  5217 | D:7      | Reached XP level 10. HP: 96/96 MP: 10/10
  5258 | D:8      | Found a broken altar of Ashenzari.
  5268 | D:8      | Found a white marble altar of Elyvilon.
  5281 | D:8      | 5281 ||| Stepping ~*~*~tactically~*~*~ (outnumbered).
  5327 | D:8      | 5327 ||| Stepping ~*~*~tactically~*~*~ (hiding).
  5329 | D:8      | 5329 ||| Stepping ~*~*~tactically~*~*~ (hiding).
  5331 | D:8      | 5331 ||| INVOKING Fiery Armour.
  5332 | D:8      | 5332 ||| Stepping ~*~*~tactically~*~*~ (outnumbered).
  5333 | D:8      | 5333 ||| Stepping ~*~*~tactically~*~*~ (outnumbered).
  5335 | D:8      | 5335 ||| Stepping ~*~*~tactically~*~*~ (outnumbered).
  5336 | D:8      | 5336 ||| Stepping ~*~*~tactically~*~*~ (outnumbered).
  5337 | D:8      | 5337 ||| Stepping ~*~*~tactically~*~*~ (outnumbered).
  5338 | D:8      | 5338 ||| Stepping ~*~*~tactically~*~*~ (outnumbered).
  5340 | D:8      | 5340 ||| Stepping ~*~*~tactically~*~*~ (outnumbered).
  5341 | D:8      | 5341 ||| Stepping ~*~*~tactically~*~*~ (outnumbered).
  5342 | D:8      | 5342 ||| Stepping ~*~*~tactically~*~*~ (outnumbered).
  5343 | D:8      | 5343 ||| Stepping ~*~*~tactically~*~*~ (outnumbered).
  5444 | D:8      | 5444 ||| FLEEEEING.
  5445 | D:8      | 5445 ||| FLEEEEING.
  5446 | D:8      | 5446 ||| FLEEEEING.
  5447 | D:8      | 5447 ||| FLEEEEING.
  5510 | D:8      | Identified the +4 ring mail of Youthful Indiscretion {Drain
                  | rElec rC- Int+8}
  5545 | D:8      | Reached XP level 11. HP: 93/104 MP: 11/11
  5607 | D:8      | 5607 ||| Stepping ~*~*~tactically~*~*~ (hiding).
  5609 | D:8      | 5609 ||| Stepping ~*~*~tactically~*~*~ (hiding).
  5707 | D:8      | 5707 ||| Stepping ~*~*~tactically~*~*~ (stealth).
  5709 | D:8      | 5709 ||| Stepping ~*~*~tactically~*~*~ (hiding).
  5729 | D:8      | Found a shimmering blue altar of Sif Muna.
  5756 | D:8      | Found a sparkling altar of Nemelex Xobeh.
  5856 | D:8      | 5856 ||| UPGRADING to amulet of regeneration.
  5882 | D:9      | 5882 ||| INVOKING Fiery Armour.
  5883 | D:9      | 5883 ||| STAIRDANCE
  5909 | D:9      | Noticed a centaur warrior
  5910 | D:9      | 5910 ||| Stepping ~*~*~tactically~*~*~ (stealth).
  5911 | D:9      | 5911 ||| Stepping ~*~*~tactically~*~*~ (hiding).
  5917 | D:9      | Killed a centaur warrior
  6053 | D:9      | Reached skill level 13 in Unarmed Combat
  6139 | D:9      | 6139 ||| Stepping ~*~*~tactically~*~*~ (hiding).
  6140 | D:9      | 6140 ||| Stepping ~*~*~tactically~*~*~ (hiding).
  6141 | D:9      | 6141 ||| Stepping ~*~*~tactically~*~*~ (hiding).
  6249 | D:9      | Noticed a two-headed ogre
  6258 | D:9      | 6258 ||| INVOKING Fiery Armour.
  6259 | D:9      | Killed a two-headed ogre
  6260 | D:9      | 6260 ||| FLEEEEING.
  6416 | D:9      | Noticed Maurice
  6419 | D:9      | Noticed Harold
  6433 | D:9      | Killed Harold
  6434 | D:9      | 6434 ||| INVOKING Fiery Armour.
  6434 | D:9      | Killed Maurice
  6435 | D:9      | Reached skill level 14 in Unarmed Combat
  6757 | D:9      | Found a staircase to the Lair.
  6830 | D:9      | Found an opulent altar of Gozag.
  6832 | D:9      | 6832 ||| PLANNING LAIR
  6832 | D:9      | 6832 ||| UPGRADING to +0 cloak.
  6842 | Lair:1   | Entered Level 1 of the Lair of Beasts
  6893 | Lair:1   | Noticed a four-headed hydra
  6894 | Lair:1   | 6894 ||| INVOKING Fiery Armour.
  6897 | Lair:1   | Killed a seven-headed hydra
  6971 | Lair:1   | 6971 ||| PLANNING TEMPLE
  7118 | Temple   | Entered the Ecumenical Temple
  7164 | Temple   | 7164 ||| PLANNING CONVERSION TO OKAWARU
  7171 | Temple   | Fell from the grace of Ignis
  7171 | Temple   | Became a worshipper of Warmaster Okawaru
  7172 | Temple   | 7172 ||| PLANNING LAIR
  7537 | Lair:1   | Reached skill level 6 in Fighting
  7581 | Lair:1   | Found a transporter.
  7582 | Lair:1   | Found a transporter.
  7582 | Lair:1   | Noticed a boulder beetle
  7683 | Lair:1   | HP: 26/105 [blink frog (9)]
  7684 | Lair:1   | 7684 ||| DRINKING 2 potions of heal wounds.
  7693 | Lair:1   | Reached * piety under Okawaru
  7694 | Lair:1   | 7694 ||| INVOKING Heroism.
  7798 | Lair:1   | 7798 ||| INVOKING Heroism.
  8140 | Lair:1   | 8140 ||| UPGRADING to +0 kite shield.
  8145 | Lair:1   | 8145 ||| READING scroll labelled IDANAZX BOUWEO.
  8149 | Lair:1   | You fall into a shaft and drop 1 floor!
  8156 | Lair:2   | 8156 ||| Stepping ~*~*~tactically~*~*~ (outnumbered).
  8157 | Lair:2   | 8157 ||| Stepping ~*~*~tactically~*~*~ (outnumbered).
  8158 | Lair:2   | 8158 ||| Stepping ~*~*~tactically~*~*~ (outnumbered).
  8159 | Lair:2   | 8159 ||| Stepping ~*~*~tactically~*~*~ (outnumbered).
  8160 | Lair:2   | 8160 ||| Stepping ~*~*~tactically~*~*~ (outnumbered).
  8161 | Lair:2   | 8161 ||| Stepping ~*~*~tactically~*~*~ (outnumbered).
  8162 | Lair:2   | 8162 ||| Stepping ~*~*~tactically~*~*~ (outnumbered).
  8164 | Lair:2   | 8164 ||| Stepping ~*~*~tactically~*~*~ (outnumbered).
  8165 | Lair:2   | 8165 ||| Stepping ~*~*~tactically~*~*~ (outnumbered).
  8166 | Lair:2   | 8166 ||| Stepping ~*~*~tactically~*~*~ (outnumbered).
  8167 | Lair:2   | 8167 ||| Stepping ~*~*~tactically~*~*~ (outnumbered).
  8168 | Lair:2   | 8168 ||| Stepping ~*~*~tactically~*~*~ (outnumbered).
  8169 | Lair:2   | 8169 ||| Stepping ~*~*~tactically~*~*~ (outnumbered).
  8170 | Lair:2   | 8170 ||| Stepping ~*~*~tactically~*~*~ (outnumbered).
  8171 | Lair:2   | 8171 ||| INVOKING Heroism.
  8172 | Lair:2   | 8172 ||| INVOKING Heroism.
  8173 | Lair:2   | 8173 ||| Stepping ~*~*~tactically~*~*~ (outnumbered).
  8174 | Lair:2   | 8174 ||| Stepping ~*~*~tactically~*~*~ (outnumbered).
  8175 | Lair:2   | 8175 ||| Stepping ~*~*~tactically~*~*~ (outnumbered).
  8176 | Lair:2   | 8176 ||| Stepping ~*~*~tactically~*~*~ (outnumbered).
  8177 | Lair:2   | 8177 ||| Stepping ~*~*~tactically~*~*~ (outnumbered).
  8181 | Lair:2   | Reached skill level 1 in Invocations
  8184 | Lair:2   | Reached skill level 1 in Shields
  8260 | Lair:2   | You fall into a shaft and drop 2 floors!
  8261 | Lair:4   | 8261 ||| INVOKING Heroism.
  8270 | Lair:4   | 8270 ||| Stepping ~*~*~tactically~*~*~ (outnumbered).
  8271 | Lair:4   | 8271 ||| Stepping ~*~*~tactically~*~*~ (outnumbered).
  8276 | Lair:4   | HP: 25/105 [poisoned by a cane toad]
  8277 | Lair:4   | 8277 ||| READING scroll of teleportation.
  8277 | Lair:4   | HP: 3/105 [cane toad (18)]
  8277 | Lair:4   | Mangled by a yak

Levels and vault maps discovered:
D:1:      psy_arrival_radial02, layout_loops_cross, serial_shops,
          nicolae_shop_bloodbath_and_beyond,
          shapermc_ecumenical_altar_mp_ritualfount
D:2:      layout_rooms, minmay_snake_closets
D:3:      layout_basic, uniq_natasha
D:4:      layout_cave_pools, overflow_temple_1_default, minmay_misc_feat_tiny
D:5:      layout_loops_ring, minmay_temple_entry_ruins,
          dilly_guarded_unrand_morg
D:6:      layout_gridville, bloody_trog, gammafunk_ghost_abyssal_escape,
          serial_shops, nicolae_shop_advertising_works
          [nicolae_subvault_shop_adworks], kennysheep_cross_room, st_stairs_5
D:7:      layout_rooms, chequers_temple_overflow_minitemple,
          serial_bayou_pond_c, david_defended_altar_orc, uniq_joseph
D:8:      layout_cave_pools, mainiacjoe_overflow_catwalk_spiral,
          nicolae_sif_muna_little_library, nemelex_spade_bored_becter
D:9:      wander_river, layout_small_grid, grunt_gozag_breadcrumbs,
          kennysheep_island_fort, uniq_maurice, uniq_harold
Temple:   zaba_magenta_temple
Lair:1:   gammafunk_boulding_lane, layout_gridlike
Lair:2:   layout_regular_city, spider_nest_entry_funnel_web,
          beast_lair_carwin_6, serial_bayou_shore_a, lemuel_fruit_fields,
          uniq_amaemon
Lair:4:   cheibrodos_lair_overgrown_chateau, layout_misc_corridors,
          slime_entry_1, grunt_megastairs_2

Skill      XL: |  1  2  3  4  5  6  7  8  9 10 11 |
---------------+----------------------------------+-----
Throwing       | 1 2 3 10 | 10.2
Unarmed Combat | 4 5 6 7 8 10 12 14 | 14.4
Fighting       | 3 4 5 6 |  6.0
Dodging        | 1 |  1.5
Armour         | 2 |  2.0
Invocations    | 2 |  2.2
Shields        | 2 |  2.1
Spellcasting   | |  1.0
Fire Magic     | |  2.1

Action                   |  1- 3 |  4- 6 |  7- 9 | 10-12 || total
-------------------------+-------+-------+-------+-------++-------
Melee: Unarmed           |    79 |    84 |   133 |   181 ||   477
       Punch             |     1 |       |     5 |     9 ||    15
Throw: Large rock        |    14 |    25 |    40 |    16 ||    95
       Javelin           |       |     2 |     9 |     4 ||    15
       Boomerang         |       |     1 |     2 |     2 ||     5
Invok: Fiery Armour      |     1 |     2 |     5 |     5 ||    13
       Heroism           |       |       |       |     4 ||     4
  Use: Scroll            |     3 |    11 |     8 |     2 ||    24
       Potion            |       |     2 |     3 |     1 ||     6
Armor: Robe              |    34 |    31 |    30 |    49 ||   144
Dodge: Dodged            |    40 |    29 |    38 |    86 ||   193
Block: Kite shield       |       |       |       |    12 ||    12

Table legend:
 A = Non-vault XP
 B = Vault XP
 C = Vault XP percentage of total XP
 D = Non-vault monster count
 E = Vault monster count
 F = Vault count percentage of total count
                 A         B        C        D         E       F
            +---------+---------+-------+---------+---------+-------
      Total |   12272 |    4355 |  26.2 |     195 |      32 |  14.1
            +---------+---------+-------+---------+---------+-------
        D:1 |      53 |       0 |   0.0 |      21 |       0 |   0.0
        D:2 |      73 |      71 |  49.3 |      15 |       9 |  37.5
        D:3 |     219 |      35 |  13.8 |      23 |       1 |   4.2
        D:4 |     393 |       0 |   0.0 |      24 |       0 |   0.0
        D:5 |     373 |     530 |  58.7 |      21 |       7 |  25.0
        D:6 |    1197 |     194 |  13.9 |      13 |       3 |  18.8
        D:7 |    1280 |     564 |  30.6 |      24 |       4 |  14.3
        D:8 |    1557 |       0 |   0.0 |      21 |       0 |   0.0
        D:9 |    2608 |    2122 |  44.9 |      16 |       5 |  23.8
     Lair:1 |    3413 |       0 |   0.0 |      11 |       0 |   0.0
     Lair:2 |    1106 |       0 |   0.0 |       6 |       0 |   0.0
     Lair:4 |       0 |     839 | 100.0 |       0 |       3 | 100.0
            +---------+---------+-------+---------+---------+-------
